 Dungeon Crawl Stone Soup version 0.30-a0-937-ga0a21ad780 (webtiles) character file.

Game seed: 15192280399020405131

144 kiwi3s the Chopper (level 5, -1/70 HPs)
             Began as a Minotaur Berserker on Mar 24, 2023.
             Was a Believer of Trog.
             Slain by a kobold brigand
             ... wielding a +0 flail
              (5 damage)
             ... on level 4 of the Dungeon.
             The game lasted 00:02:02 (2262 turns).

kiwi3s the Chopper (Minotaur Berserker)             Turns: 2262, Time: 00:02:02

Health: -1/70      AC:  9    Str: 24    XL:     5   Next: 5%
Magic:  4/4        EV:  9    Int:  4    God:    Trog [**....]
Gold:   182        SH:  0    Dex:  9    Spells: 4/4 levels left

rFire   . . .      SeeInvis .    p - +0 war axe
rCold   . . .      Faith    .    (no shield)
rNeg    . . .      Spirit   .    i - +0 chain mail
rPois   .          Reflect  .    (helmet restricted)
rElec   .          Rampage  .    e - scarf {repulsion}
rCorr   .                        (no gloves)
Will    .....                    (no boots) Stlth
                                 (no amulet)
HPRegen 0.31/turn                (no ring)
MPRegen 0.09/turn                (no ring)

@: berserking, repel missiles, very quick
A: horns 2, retaliatory headbutt
a: Renounce Religion, Berserk, Trog's Hand


You were on level 4 of the Dungeon.
You worshipped Trog.
Trog was pleased with you.
You visited 1 branch of the dungeon, and saw 4 of its levels.

You collected 182 gold pieces.

Inventory:

Hand Weapons
 a - a +0 hand axe
 p - a +0 war axe (weapon)
Armour
 b - a +0 animal skin
 e - a scarf of repulsion (worn)
 i - a +0 chain mail (worn)
Jewellery
 o - an amulet of faith
Wands
 k - a wand of quicksilver (13)
 q - a wand of flame (17)
Scrolls
 c - 3 scrolls of blinking {unknown}
 f - a scroll of silence {unknown}
 g - 2 scrolls of noise {unknown}
 j - a scroll of fear {unknown}
 l - a scroll of enchant weapon {unknown}
 m - 2 scrolls of teleportation {unknown}
 n - 2 scrolls of identify {unknown}
 t - a scroll of amnesia {unknown}
Potions
 d - 4 potions of curing {unknown}
 h - a potion of berserk rage {unknown}
 r - a potion of flight {unknown}
 s - a potion of ambrosia {unknown}
 u - 2 potions of might {unknown}
 v - a potion of degeneration {unknown}


   Skills:
 + Level 4.6 Fighting
 + Level 4.7 Axes
 + Level 3.7 Armour
 + Level 3.5 Dodging


You had 4 spell levels left.
You didn't know any spells.
Your spell library was empty.

Dungeon Overview and Level Annotations

Branches:
Dungeon (4/15)
 Temple: D:4-7

Altars:
Okawaru


Innate Abilities, Weirdness & Mutations

You have a pair of horns on your head.
You reflexively headbutt those who attack you in melee.


Message History

You feel very sick.
The kobold brigand hits you with a +0 flail. x2
You are too injured to fight recklessly!
You are too injured to fight recklessly!
A kobold brigand is nearby!
You are too injured to fight recklessly!
A kobold brigand is nearby!
You barely miss the kobold brigand.
You feel sick.
The kobold brigand hits you but does no damage.
The kobold brigand hits you with a +0 flail!
* * * LOW HITPOINT WARNING * * *
You barely miss the kobold brigand.
Your headbutt misses the kobold brigand.
You feel sick.
The kobold brigand hits you but does no damage.
A red film seems to cover your vision as you go berserk!
You feel yourself moving faster!
You feel mighty!
You feel sick.
You are no longer poisoned.
The kobold brigand hits you with a +0 flail.
* * * LOW HITPOINT WARNING * * *
The kobold brigand hits you but does no damage.
You slash the kobold brigand!
The kobold brigand is moderately wounded.
The kobold brigand hits you with a +0 flail!
* * * LOW HITPOINT WARNING * * *
Unknown command.
You closely miss the kobold brigand. You headbutt the kobold brigand.
The kobold brigand is heavily wounded.
The kobold brigand barely misses you.
The kobold brigand hits you with a +0 flail.
* * * LOW HITPOINT WARNING * * *
You closely miss the kobold brigand.
Your headbutt misses the kobold brigand.
The kobold brigand is heavily wounded.
The kobold brigand closely misses you.
You barely miss the kobold brigand.
The kobold brigand is heavily wounded.
You feel yourself speed up.
The kobold brigand hits you with a +0 flail.
You die...

#......... #.........
#......... #.........
##.########## #.####.....###
##...).)..)).)######
.....).#####.))....###..
########≈≈≈###..@K...... #
~~~≈~~~######...## #
#~~~~~~~~ ## # ###~~~#### ##
############# .#
#........#..##
.#####........#~~.##
.....#.........~~..#########
.....)........P~~~..........


You could see a kobold brigand.

Vanquished Creatures
  6 adders
  2 worms
  4 dart slugs (D:1)
  4 orcs (D:4)
  6 ball pythons
  5 endoplasms
  4 giant cockroaches
  7 goblins
  5 hobgoblins
  16 kobolds
  4 bats
  2 frilled lizards
  3 rats
68 creatures vanquished.

Vanquished Creatures (others)
  3 plants (D:4)
3 creatures vanquished.

Grand Total: 71 creatures vanquished

Notes
Turn   | Place    | Note
-------+----------+-------------------------------------------
     0 | D:1      | kiwi3s the Minotaur Berserker began the quest for the Orb.
     0 | D:1      | Reached XP level 1. HP: 19/19 MP: 0/0
   113 | D:1      | Reached XP level 2. HP: 27/27 MP: 1/1
   267 | D:1      | Found a faded altar of an unknown god.
   489 | D:1      | Reached XP level 3. HP: 33/33 MP: 2/2
   788 | D:2      | Identified the +0 ring mail of the Sunfish {rPois rF+}
   923 | D:2      | Reached ** piety under Trog
  1058 | D:2      | Reached XP level 4. HP: 24/41 MP: 3/3
  1423 | D:3      | Found an iron altar of Okawaru.
  2224 | D:4      | Reached XP level 5. HP: 46/47 MP: 4/4
  2260 | D:4      | HP: 3/70 [kobold brigand/+0 flail (2)]
  2262 | D:4      | Slain by a kobold brigand

Illustrated notes

Levels and vault maps discovered:
D:1:      saegor_arrival_simple_a, layout_loops_ring,
          chequers_ecumenical_altar_simple_redux
D:2:      layout_loops_ring, corexii_item_surrounded_by_moat
D:3:      layout_loops_cross, okawaru_trees_2
D:4:      cheibrodos_thug_alley, layout_basic, nicolae_uskayaw_dance_hall,
          serial_bayou, serial_bayou_pond_d, serial_bayou_pond_d,
          serial_bayou_crossing, serial_bayou_lagoon_b

Skill      XL: |  1  2  3 |
---------------+----------+-----
Axes           | 4 |  4.7
Fighting       | 4 |  4.6
Armour         | 3 |  3.7
Dodging        | 3 |  3.5

Action                     |  1- 3 |  4- 6 || total
---------------------------+-------+-------++-------
  Melee: Hand axe          |    72 |    26 ||    98
         Headbutt          |    10 |    12 ||    22
         Punch             |     1 |     1 ||     2
         War axe           |       |    49 ||    49
 Invoke: Berserk           |       |     1 ||     1
   Stab: Sleeping          |     1 |       ||     1
 Armour: Animal skin       |     7 |       ||     7
         Chain mail        |     9 |    34 ||    43
  Dodge: Dodged            |    42 |    33 ||    75

Table legend: (Time is in decaauts)
 A = Elapsed time spent in this place.
 B = Non-inter-level travel time spent in this place.
 C = Inter-level travel time spent in this place.
 D = Time resting spent in this place.
 E = Time spent auto-exploring this place.
 F = Levels seen in this place.
 G = Mean time per level.
                   A        B        C        D        E       F      G
               +--------+--------+--------+--------+--------+-----+--------+
         Total |   2296 |   2134 |    162 |      0 |   1704 |   4 |  574.0 |
       Dungeon |   2296 |   2134 |    162 |      0 |   1704 |   4 |  574.0 |
               +--------+--------+--------+--------+--------+-----+--------+

Top non-repeatable levels by time:
     D:2: 721 daAuts
     D:1: 705 daAuts
     D:3: 625 daAuts
     D:4: 244 daAuts
